[Event "Titled Tuesday Blitz November 07 Early 2023"]
[White "Carlsen, Magnus"]
[Black "Ben Artzi, Ido"]
[WhiteFideId "1503014"]
[BlackFideId "2810913"]
[WhiteElo "3268"]
[BlackElo "2521"]
[Result "1-0"]
[Round "1"]
[TimeControl "180+1"]
[Date "2023.11.07"]
[WhiteClock "0:02:08"]
[BlackClock "0:00:02"]
[Board "1"]

1. e4 e5 2. f4 d5 3. Nf3 exf4 4. Nc3 dxe4 5. Nxe4 Nf6 6. Qe2 Nxe4 7. Qxe4+ Qe7 8. Qxe7+ Bxe7 9. d4 g5 10. h4 g4 11. Ne5 f6 12. Nd3 f3 13. gxf3 gxf3 14. Kf2 Bg4 15. Bf4 Nd7 16. Re1 Kf7 17. Re3 Nb6 18. Ne1 c5 19. Nxf3 Bxf3 20. Kxf3 cxd4 21. Re4 Rhd8 22. Bh3 Bd6 23. Be6+ Kg7 24. Rg1+ Kh8 25. Bh6 1-0


[Site "https://www.chess.com"]

[Event "Titled Tuesday Blitz November 07 Early 2023"]
[White "Pham, Le Thao Nguyen"]
[Black "Andreikin, Dmitry"]
[WhiteFideId "12401226"]
[BlackFideId "4158814"]
[WhiteElo "2520"]
[BlackElo "3116"]
[Result "0-1"]
[Round "1"]
[TimeControl "180+1"]
[Date "2023.11.07"]
[WhiteClock "0:00:03"]
[BlackClock "0:00:14"]
[Board "2"]

1. d4 Nf6 2. Nf3 e6 3. Bg5 h6 4. Bh4 d6 5. e3 g5 6. Bg3 Nh5 7. Nfd2 Nxg3 8. hxg3 Bg7 9. Bd3 c5 10. c3 Nc6 11. a4 Qc7 12. Na3 a6 13. dxc5 dxc5 14. Nac4 b6 15. Ne4 O-O 16. Nxg5 Rd8 17. Nf3 b5 18. axb5 axb5 19. Rxa8 bxc4 20. Bh7+ Kxh7 21. Qc2+ Rd3 22. Ra4 Qd6 23. Rxc4 Ba6 24. Rch4 Kg8 25. Nd2 Ne5 26. Ne4 Qc6 27. O-O f5 28. Nd2 Bb7 29. f3 Rxe3 30. Nc4 Nxc4 31. Rxc4 Ba6 32. Ra4 Bxf1 33. Kxf1 Qd5 34. Ra7 c4 35. Kf2 Qc5 36. Ra8+ Kh7 37. Kf1 Rd3 38. Qe2 Qd5 39. g4 Qxa8 0-1


[Site "https://www.chess.com"]

[Event "Titled Tuesday Blitz November 07 Early 2023"]
[White "Nihal Sarin"]
[Black "Toktomushev, Teimur"]
[WhiteFideId "25092340"]
[BlackFideId "14176726"]
[WhiteElo "3109"]
[BlackElo "2518"]
[Result "1-0"]
[Round "1"]
[TimeControl "180+1"]
[Date "2023.11.07"]
[WhiteClock "0:01:32"]
[BlackClock "0:00:00"]
[Board "3"]

1. a3 d5 2. Nf3 Nf6 3. e3 c5 4. b4 e6 5. bxc5 Bxc5 6. Bb2 O-O 7. d4 Bd6 8. Nbd2 b6 9. Bd3 Ba6 10. c4 Nc6 11. O-O Na5 12. Qe2 dxc4 13. Nxc4 Nxc4 14. Bxc4 Bxc4 15. Qxc4 Qc8 16. Qd3 Qb7 17. Nd2 Rfc8 18. g3 b5 19. e4 Bf8 20. Rad1 b4 21. axb4 Bxb4 22. d5 Bxd2 23. Rxd2 exd5 24. exd5 Nd7 25. Qf5 Nf8 26. Qg4 f6 27. Bxf6 Qd7 28. Qxd7 Nxd7 29. Ba1 Nb6 30. d6 Rd8 31. Rd4 Rd7 32. Bb2 Rad8 33. Ba3 a5 34. Rb1 Nc8 35. Rb5 Nxd6 36. Rbd5 1-0


[Site "https://www.chess.com"]

[Event "Titled Tuesday Blitz November 07 Early 2023"]
[White "Dushyant Sharma"]
[Black "Le, Tuan Minh"]
[WhiteFideId "25065130"]
[BlackFideId "12401153"]
[WhiteElo "2518"]
[BlackElo "3084"]
[Result "0-1"]
[Round "1"]
[TimeControl "180+1"]
[Date "2023.11.07"]
[WhiteClock "0:00:10"]
[BlackClock "0:00:38"]
[Board "4"]

1. e4 c5 2. Nf3 Nf6 3. Nc3 d5 4. exd5 Nxd5 5. Bb5+ Bd7 6. Bxd7+ Qxd7 7. Nxd5 Qxd5 8. d3 Nc6 9. O-O g6 10. Bd2 Bg7 11. Bc3 O-O 12. Bxg7 Kxg7 13. Re1 Rfd8 14. Qd2 Rac8 15. Re2 e6 16. b3 Nd4 17. Re3 Kg8 18. Rae1 b5 19. h3 a6 20. Ne5 Nf5 21. Re4 Kg7 22. Qf4 f6 23. Ng4 e5 24. Qf3 Rd6 25. Ne3 Nxe3 26. R4xe3 Qxf3 27. Rxf3 c4 28. dxc4 bxc4 29. Rc3 Rdc6 30. Re4 cxb3 31. Rxc6 Rxc6 32. cxb3 Rc1+ 33. Kh2 Rc2 34. Ra4 Rxf2 35. Rxa6 e4 36. Ra7+ Kf8 37. a4 Rb2 38. Kg3 Rxb3+ 39. Kf4 e3 40. Kg4 e2 41. Ra8+ Kf7 42. Ra7+ Ke6 43. Ra8 Rb7 44. Ra6+ Kf7 0-1


[Site "https://www.chess.com"]

[Event "Titled Tuesday Blitz November 07 Early 2023"]
[White "Paravyan, David"]
[Black "Arencibia Monduy, Antonio"]
[WhiteFideId "4194985"]
[BlackFideId "3507939"]
[WhiteElo "3076"]
[BlackElo "2517"]
[Result "1-0"]
[Round "1"]
[TimeControl "180+1"]
[Date "2023.11.07"]
[WhiteClock "0:01:48"]
[BlackClock "0:00:00"]
[Board "5"]

1. e4 e6 2. d4 d5 3. Nc3 dxe4 4. Nxe4 Nd7 5. Nf3 Ngf6 6. Nxf6+ Nxf6 7. a4 Be7 8. g3 O-O 9. Bg2 c5 10. O-O cxd4 11. Nxd4 Qa5 12. c3 Rd8 13. Qe2 a6 14. Bf4 Nd5 15. Bd2 Qc7 16. Rfe1 Bf6 17. Nf3 Bd7 18. Bg5 Bxg5 19. Nxg5 Bc6 20. a5 Nf6 21. Bxc6 Qxc6 22. Nf3 Rd5 23. Red1 Rad8 24. Rxd5 Qxd5 25. Nd4 e5 26. Nf5 Qe6 27. Ne3 e4 28. Rd1 Qc8 29. Rxd8+ Qxd8 30. Qc4 h6 31. b4 Qd7 32. Kg2 g6 33. h3 h5 34. Qc5 Kg7 35. Qe5 Qe8 36. Qd4 Qe6 37. g4 Kh7 38. g5 Nd7 39. Qc4 Qe7 40. h4 Nf8 41. Nd5 Qe5 42. Nf6+ Kg7 43. Qxe4 Qxc3 44. Qxb7 Ne6 45. Qb8 Qc6+ 46. Kg3 Nf8 47. Qe5 Ne6 48. Nxh5+ Kh7 49. Nf6+ Kg7 50. Nd5+ Kh7 51. h5 Qc1 52. Nf6+ Kg7 53. h6+ Kh8 54. Qb8+ 1-0


[Site "https://www.chess.com"]

[Event "Titled Tuesday Blitz November 07 Early 2023"]
[White "Girsh, Daniel"]
[Black "Firouzja, Alireza"]
[WhiteFideId "30949190"]
[BlackFideId "12573981"]
[WhiteElo "2516"]
[BlackElo "3073"]
[Result "0-1"]
[Round "1"]
[TimeControl "180+1"]
[Date "2023.11.07"]
[WhiteClock "0:00:10"]
[BlackClock "0:01:33"]
[Board "6"]

1. d4 a6 2. e4 c6 3. Bd3 d5 4. Nf3 dxe4 5. Bxe4 Nf6 6. Bd3 Bf5 7. Bxf5 Qa5+ 8. Nc3 Qxf5 9. O-O e6 10. Re1 Nbd7 11. Ne5 h5 12. Qd3 Qxd3 13. Nxd3 Be7 14. Bf4 Nb6 15. Ne5 Rd8 16. Rad1 Bb4 17. Bg5 Be7 18. h3 O-O 19. Ne4 Rfe8 20. Nc5 Bxc5 21. dxc5 Na4 22. b4 Rxd1 23. Rxd1 Nd5 24. Nd3 Nac3 25. Ra1 e5 26. Bd2 e4 27. Nb2 f5 28. Nc4 f4 29. Nd6 Re7 30. a3 Ne2+ 31. Kf1 Nd4 32. c4 e3 33. cxd5 exd2 34. Rd1 Nc2 0-1


[Site "https://www.chess.com"]

[Event "Titled Tuesday Blitz November 07 Early 2023"]
[White "Duda, Jan-Krzysztof"]
[Black "Richter, Paul"]
[WhiteFideId "1170546"]
[BlackFideId "2046350"]
[WhiteElo "3072"]
[BlackElo "2516"]
[Result "1-0"]
[Round "1"]
[TimeControl "180+1"]
[Date "2023.11.07"]
[WhiteClock "0:01:19"]
[BlackClock "0:00:02"]
[Board "7"]

1. e4 c5 2. Nf3 d6 3. Nc3 Nf6 4. Be2 Nc6 5. O-O g6 6. d4 cxd4 7. Nxd4 Bg7 8. Nb3 O-O 9. Re1 a5 10. a4 Be6 11. Be3 Rc8 12. Nd4 Nxd4 13. Bxd4 d5 14. e5 Nd7 15. f4 Nc5 16. Bf3 b6 17. Kh1 Qd7 18. Re2 Rfd8 19. Rd2 Ne4 20. Nxe4 dxe4 21. Bxe4 Bg4 22. Qf1 Bf5 23. Bxf5 Qxf5 24. c3 Qe6 25. Rf2 Rc6 26. h3 Qf5 27. Re1 h5 28. Qb5 Rdc8 29. Bxb6 e6 30. Bd4 Bf8 31. Qxa5 Be7 32. Kh2 Bh4 33. g3 Be7 34. Qb5 Bc5 35. Rd1 Bf8 36. Qd3 Qxd3 37. Rxd3 Rb8 38. b4 Rc4 39. a5 Be7 40. a6 1-0


[Site "https://www.chess.com"]

[Event "Titled Tuesday Blitz November 07 Early 2023"]
[White "Pujari, Rucha"]
[Black "Bluebaum, Matthias"]
[WhiteFideId "5024528"]
[BlackFideId "24651516"]
[WhiteElo "2514"]
[BlackElo "3066"]
[Result "0-1"]
[Round "1"]
[TimeControl "180+1"]
[Date "2023.11.07"]
[WhiteClock "0:00:00"]
[BlackClock "0:02:05"]
[Board "8"]

1. d4 d5 2. c4 e6 3. Nf3 Nf6 4. Nc3 Bb4 5. Qa4+ Nc6 6. a3 Bxc3+ 7. bxc3 Bd7 8. cxd5 exd5 9. Qc2 Na5 10. Bg5 h6 11. Bh4 Rc8 12. e3 c5 13. dxc5 Rxc5 14. Bd3 O-O 15. O-O Bg4 16. Nd4 Qd6 17. Bg3 Qe7 18. h3 Bd7 19. Rfe1 Rfc8 20. Rac1 Ne4 21. Bxe4 dxe4 22. Qb2 b6 23. Red1 Ba4 24. Re1 Nc4 25. Qb4 Qe8 26. Bf4 a5 27. Qb1 Qd8 28. g4 Nxa3 29. Qa1 Nb5 30. Qxa4 Nxc3 31. Rxc3 Rxc3 32. Nf5 Qf6 33. Qd7 Kh7 34. Qd5 Qe6 35. Qd1 Rc1 36. Qxc1 Rxc1 37. Rxc1 a4 38. Nd4 Qd5 39. Ra1 b5 40. Kg2 Qc4 41. Bd6 Qc3 42. Nxb5 Qxa1 0-1


[Site "https://www.chess.com"]

[Event "Titled Tuesday Blitz November 07 Early 2023"]
[White "Pranav, V"]
[Black "Taboas Rodriguez, Daniel"]
[WhiteFideId "25060783"]
[BlackFideId "2208466"]
[WhiteElo "3055"]
[BlackElo "2514"]
[Result "1-0"]
[Round "1"]
[TimeControl "180+1"]
[Date "2023.11.07"]
[WhiteClock "0:00:37"]
[BlackClock "0:00:00"]
[Board "9"]

1. e4 e5 2. Nf3 Nc6 3. Bb5 Nf6 4. d3 d6 5. O-O Bd7 6. c4 g6 7. Nc3 Bg7 8. h3 O-O 9. Be3 Nh5 10. Nd5 Ne7 11. Bxd7 Qxd7 12. Rc1 c6 13. Nxe7+ Qxe7 14. Re1 a6 15. d4 exd4 16. Bxd4 Nf4 17. Bxg7 Kxg7 18. Qd4+ Qf6 19. Qxf6+ Kxf6 20. Rcd1 Rad8 21. g3 Ne6 22. Kg2 h5 23. Rd2 Ke7 24. Red1 Rd7 25. b4 Rfd8 26. a3 b5 27. Rc1 c5 28. Rd5 Nc7 29. Rdd1 cxb4 30. axb4 bxc4 31. Rxc4 d5 32. exd5 Nxd5 33. Ra1 Rb7 34. Ne5 Rd6 35. Nc6+ Kf6 36. Rxa6 Rb6 37. Rxb6 Nxb6 38. Rf4+ Kg7 39. Ne5 f6 40. Nf3 Rd3 41. Rd4 Rb3 42. Nd2 Rb2 43. Ne4 f5 44. Ng5 Rb3 45. h4 Rb2 46. Ne6+ Kf6 47. Nf4 Kf7 48. Nxg6 1-0


[Site "https://www.chess.com"]

[Event "Titled Tuesday Blitz November 07 Early 2023"]
[White "Senthil Maran K"]
[Black "Le, Quang Liem"]
[WhiteFideId "25035681"]
[BlackFideId "12401137"]
[WhiteElo "2513"]
[BlackElo "3048"]
[Result "0-1"]
[Round "1"]
[TimeControl "180+1"]
[Date "2023.11.07"]
[WhiteClock "0:00:03"]
[BlackClock "0:00:16"]
[Board "10"]

1. d4 Nf6 2. g3 c5 3. d5 b5 4. Bg2 Bb7 5. e4 e6 6. Ne2 exd5 7. exd5 d6 8. O-O Be7 9. a4 b4 10. c4 bxc3 11. Nbxc3 O-O 12. Bf4 Na6 13. Nb5 Nb4 14. Nec3 Re8 15. Re1 Bf8 16. Qd2 h6 17. h4 a6 18. Na3 Bc8 19. Nc4 Bf5 20. Rxe8 Nxe8 21. Be4 Bxe4 22. Nxe4 Nf6 23. Nxf6+ Qxf6 24. Re1 Rd8 25. a5 Qf5 26. Ne3 Qe4 27. Rd1 Be7 28. h5 Bf6 29. b3 Bd4 30. Nc4 Qxd5 31. Qe2 Nc6 32. Re1 Ne5 33. Qe4 Nf3+ 34. Kf1 Qxe4 35. Rxe4 d5 36. Re7 dxc4 37. bxc4 Bf6 38. Ra7 Nd2+ 39. Bxd2 Rxd2 40. Rxa6 Bd4 41. Rd6 Rxf2+ 42. Ke1 Ra2 43. a6 Kh7 44. g4 Be5 45. Rc6 f6 46. Kd1 Kg8 47. Rb6 Kf7 48. Kc1 Ke8 49. Kb1 Ra1+ 50. Kc2 Kd7 51. Kd3 Bc7 52. Rb5 Kc6 53. Rb2 Rxa6 54. Re2 Be5 55. Ke4 Ra4 56. Kf5 Rxc4 57. Ra2 Rf4+ 58. Ke6 Rxg4 59. Ra7 Rg5 60. Ra5 Rxh5 61. Ra6+ Kb5 62. Ra7 Rg5 63. Rb7+ Kc4 64. Kd7 h5 65. Kc6 h4 66. Rb2 Bxb2 0-1


[Site "https://www.chess.com"]

[Event "Titled Tuesday Blitz November 07 Early 2023"]
[White "Martinez Alcantara, Jose Eduardo"]
[Black "Ahmad, Khagan"]
[WhiteFideId "3805662"]
[BlackFideId "13431552"]
[WhiteElo "3041"]
[BlackElo "2513"]
[Result "1-0"]
[Round "1"]
[TimeControl "180+1"]
[Date "2023.11.07"]
[WhiteClock "0:00:47"]
[BlackClock "0:00:00"]
[Board "11"]

1. e4 c5 2. Nf3 d6 3. c3 Nf6 4. h3 g6 5. Bd3 Bg7 6. Bc2 Nc6 7. d4 cxd4 8. cxd4 d5 9. e5 Ne4 10. Nc3 Nxc3 11. bxc3 O-O 12. O-O Bf5 13. Bxf5 gxf5 14. Bg5 f6 15. exf6 Bxf6 16. Re1 Qd6 17. Qd2 Rae8 18. Bh6 Rf7 19. Bf4 Qd7 20. Re2 e6 21. Rae1 Rfe7 22. Bg5 Bxg5 23. Qxg5+ Rg7 24. Qh5 Rg6 25. Nh4 Rf6 26. f4 Kh8 27. Nf3 Rg8 28. Ng5 Rgg6 29. Qh4 Nd8 30. Nf3 Nf7 31. Kh2 Rh6 32. Qf2 Rhg6 33. Re3 Qc7 34. g3 Nd6 35. Ne5 Rg7 36. Rc1 Ne4 37. Qe2 Qd8 38. c4 Qg8 39. Qe1 Rh6 40. cxd5 exd5 41. Rc2 Qe8 42. Qc1 Qh5 43. Rc8+ Rg8 44. Rxg8+ Kxg8 45. Qc8+ Kg7 46. Qxb7+ Kf8 47. Qa8+ Kg7 48. Qxa7+ Kf8 49. Qb8+ Kg7 50. Qb7+ Kf8 51. Qc8+ Kg7 52. Qd7+ Kf8 53. Qd8+ Kg7 54. Qe7+ Kg8 55. g4 fxg4 56. Qd8+ Kg7 57. Qd7+ Kf8 58. Nxg4 Rg6 59. Rb3 1-0


[Site "https://www.chess.com"]

[Event "Titled Tuesday Blitz November 07 Early 2023"]
[White "Krzywda, Andrzej"]
[Black "Pranesh M"]
[WhiteFideId "1114565"]
[BlackFideId "35028600"]
[WhiteElo "2512"]
[BlackElo "3026"]
[Result "0-1"]
[Round "1"]
[TimeControl "180+1"]
[Date "2023.11.07"]
[WhiteClock "0:01:22"]
[BlackClock "0:02:28"]
[Board "12"]

1. e4 e5 2. Nf3 Nc6 3. Bb5 a6 4. Ba4 Bc5 5. O-O Nge7 6. c3 O-O 7. d4 Ba7 8. d5 Na5 9. d6 Ng6 10. Bg5 f6 11. Qd5+ Kh8 12. Bxf6 Qxf6 13. Qxa5 Qxd6 14. Rd1 Qf6 15. Nbd2 b5 16. Bb3 Nf4 17. Qxc7 Nd3 18. Rf1 Bb6 0-1


[Site "https://www.chess.com"]

[Event "Titled Tuesday Blitz November 07 Early 2023"]
[White "Xiong, Jeffery"]
[Black "Hnydiuk, Aleksander"]
[WhiteFideId "2047640"]
[BlackFideId "1109057"]
[WhiteElo "3007"]
[BlackElo "2511"]
[Result "1-0"]
[Round "1"]
[TimeControl "180+1"]
[Date "2023.11.07"]
[WhiteClock "0:01:25"]
[BlackClock "0:00:00"]
[Board "13"]

1. d4 d5 2. c4 e6 3. Nf3 a6 4. Bg5 Be7 5. Bxe7 Qxe7 6. Nbd2 Nf6 7. g3 O-O 8. Rc1 b6 9. cxd5 exd5 10. Bg2 c5 11. O-O Bf5 12. dxc5 bxc5 13. Re1 Nbd7 14. Nh4 Bg4 15. h3 Bh5 16. g4 Bg6 17. e4 Nxe4 18. Nxg6 hxg6 19. Nxe4 dxe4 20. Bxe4 Rad8 21. Bxg6 Ne5 22. Qe2 fxg6 23. Qxe5 Qxe5 24. Rxe5 Rd2 25. Rf1 Rxb2 26. Rxc5 Rxa2 27. Kg2 a5 28. Kg3 a4 29. f3 a3 30. Re1 Rd8 31. Rc7 Rb2 32. Ree7 a2 33. Ra7 Rd1 34. Rxg7+ Kf8 35. Rgc7 1-0


[Site "https://www.chess.com"]

[Event "Titled Tuesday Blitz November 07 Early 2023"]
[White "Molenda, Marcin"]
[Black "Elsa167"]
[WhiteFideId "1173065"]
[WhiteElo "2510"]
[BlackElo "3001"]
[Result "1/2-1/2"]
[Round "1"]
[TimeControl "180+1"]
[Date "2023.11.07"]
[WhiteClock "0:00:47"]
[BlackClock "0:00:17"]
[Board "14"]

1. e4 e6 2. d4 d5 3. e5 c5 4. c3 Nc6 5. Nf3 Qb6 6. Be2 Bd7 7. O-O Nge7 8. a3 c4 9. Re1 Na5 10. Nbd2 Nc8 11. Nf1 Nb3 12. Rb1 Ba4 13. Bg5 h6 14. Bh4 Qa5 15. Kh1 g5 16. Bg3 Be7 17. Ng1 Nb6 18. Bh5 Rf8 19. Qf3 O-O-O 20. Bxf7 Bd7 21. Qh5 Rh8 22. Qh3 h5 23. Bxh5 Rh6 24. Qg4 Rdh8 25. Bf7 Rf8 26. Bh5 Rfh8 27. Bf7 Rf8 28. Bh5 Rfh8 1/2-1/2


[Site "https://www.chess.com"]

[Event "Titled Tuesday Blitz November 07 Early 2023"]
[White "Deac, Bogdan-Daniel"]
[Black "arenal72"]
[WhiteFideId "1226380"]
[WhiteElo "3000"]
[BlackElo "2509"]
[Result "1-0"]
[Round "1"]
[TimeControl "180+1"]
[Date "2023.11.07"]
[WhiteClock "0:00:06"]
[BlackClock "0:00:02"]
[Board "15"]

1. b3 e6 2. Bb2 Nf6 3. c4 d5 4. Nf3 Be7 5. g3 O-O 6. Bg2 dxc4 7. bxc4 c5 8. O-O Qc7 9. Ne5 Nbd7 10. f4 a6 11. a4 Nxe5 12. Bxe5 Qa5 13. Bc3 Qc7 14. a5 Bd7 15. Be5 Qc8 16. Nc3 Bc6 17. Bxc6 Qxc6 18. Qa4 Nd7 19. Qxc6 bxc6 20. Na4 f6 21. Bc3 Rab8 22. Rab1 Kf7 23. e4 Bd6 24. Kg2 Bc7 25. h4 Ke7 26. h5 Rxb1 27. Rxb1 Rb8 28. Ra1 Rb3 29. Nb2 e5 30. Nd3 Bd6 31. Kf3 Ke6 32. Re1 Bc7 33. Ra1 Bd6 34. Kg4 Bc7 35. h6 g6 36. f5+ gxf5+ 37. exf5+ Ke7 38. Nf2 Rb8 39. Ne4 Rg8+ 40. Kf3 Rb8 41. Kg4 Rg8+ 42. Kh5 Bd6 43. g4 Bc7 44. Rb1 Rb8 45. Rg1 Kf7 46. g5 Rg8 47. g6+ hxg6+ 48. fxg6+ Ke6 49. h7 Ra8 50. g7 f5 51. g8=Q+ 1-0


[Site "https://www.chess.com"]

[Event "Titled Tuesday Blitz November 07 Early 2023"]
[White "Musalov, Ruslan"]
[Black "Ibarra Jerez, Jose Carlos"]
[WhiteFideId "4141490"]
[BlackFideId "2226332"]
[WhiteElo "2508"]
[BlackElo "3000"]
[Result "0-1"]
[Round "1"]
[TimeControl "180+1"]
[Date "2023.11.07"]
[WhiteClock "0:00:09"]
[BlackClock "0:00:04"]
[Board "16"]

1. e4 c5 2. Nf3 e6 3. d4 cxd4 4. Nxd4 Bc5 5. Nb3 Bb6 6. c4 Ne7 7. Nc3 O-O 8. Be2 f5 9. O-O f4 10. c5 Bc7 11. Nb5 Be5 12. Nd6 Nbc6 13. f3 b6 14. Nxc8 Rxc8 15. cxb6 Qxb6+ 16. Kh1 d5 17. Bd3 a5 18. exd5 Nxd5 19. Qe2 a4 20. Nd2 Ne3 21. Nc4 Nxc4 22. Bxc4 Rf6 23. Qe4 a3 24. Rb1 Rb8 25. b3 Qc5 26. Bd2 Rd8 27. Rbd1 Kh8 28. Bc1 Rdf8 29. Bxa3 Qxa3 30. Qxc6 Qxa2 31. Qe4 Bb8 32. Qe2 Qa5 33. Rd7 Rh6 34. Rfd1 Ba7 35. Re7 Rxh2+ 36. Kxh2 Qh5# 0-1


[Site "https://www.chess.com"]

[Event "Titled Tuesday Blitz November 07 Early 2023"]
[White "Rasulov, Vugar"]
[Black "Silva Lucena, Cristian"]
[WhiteFideId "13402390"]
[BlackFideId "2232588"]
[WhiteElo "2987"]
[BlackElo "2508"]
[Result "0-1"]
[Round "1"]
[TimeControl "180+1"]
[Date "2023.11.07"]
[WhiteClock "0:00:29"]
[BlackClock "0:01:31"]
[Board "17"]

1. e4 e5 2. Nf3 Nf6 3. Nxe5 d6 4. Nf3 Nxe4 5. Nc3 Nxc3 6. dxc3 Be7 7. Be3 O-O 8. Qd2 Nd7 9. O-O-O Nf6 10. Bd3 c5 11. c4 b5 12. cxb5 Be6 13. a3 d5 14. Ng5 c4 15. Be2 Rb8 16. Bd4 Rxb5 17. Rhe1 Qb8 18. Bf3 Bxa3 19. Nxe6 Rxb2 20. Qe3 Rb3+ 21. Kd2 Rxe3 22. Nxf8 Rxe1 23. Rxe1 Bxf8 24. g3 a5 25. Ra1 Ne4+ 26. Ke2 c3 27. Rxa5 Qb4 28. Rxd5 Qc4+ 29. Ke3 Qxd5 30. Bxe4 Qa5 31. Kd3 Qb5+ 32. Ke3 Bc5 0-1


[Site "https://www.chess.com"]

[Event "Titled Tuesday Blitz November 07 Early 2023"]
[White "Baches Garcia, Guillermo"]
[Black "Oparin, Grigoriy"]
[WhiteFideId "2209764"]
[BlackFideId "24125890"]
[WhiteElo "2507"]
[BlackElo "2980"]
[Result "0-1"]
[Round "1"]
[TimeControl "180+1"]
[Date "2023.11.07"]
[WhiteClock "0:00:00"]
[BlackClock "0:01:12"]
[Board "18"]

1. d4 Nf6 2. Nf3 b6 3. Bg5 Bb7 4. Nbd2 e6 5. e3 d6 6. Bd3 Nbd7 7. h3 h6 8. Bh4 g5 9. Bg3 Bg7 10. Qe2 Qe7 11. Ba6 Bxa6 12. Qxa6 O-O 13. c3 e5 14. O-O e4 15. Ne1 Kh8 16. Nc2 Nh5 17. Bh2 f5 18. Rae1 Ndf6 19. Qb7 Rae8 20. Nb4 a5 21. Nd5 Nxd5 22. Qxd5 Qd7 23. c4 Nf4 24. Bxf4 gxf4 25. Qb5 c6 26. Qxb6 Rb8 27. Qxa5 Rxb2 28. Rb1 Rxb1 29. Rxb1 fxe3 30. fxe3 f4 31. exf4 Bxd4+ 32. Kh1 Qf7 33. Rf1 e3 34. Nb3 Qxc4 35. Qe1 Bc3 36. Qc1 e2 37. Re1 Re8 38. f5 Kh7 39. Na5 Qd3 0-1


[Site "https://www.chess.com"]

[Event "Titled Tuesday Blitz November 07 Early 2023"]
[White "Shimanov, Aleksandr"]
[Black "LouieKov2022"]
[WhiteFideId "4198603"]
[WhiteElo "2974"]
[BlackElo "2506"]
[Result "1-0"]
[Round "1"]
[TimeControl "180+1"]
[Date "2023.11.07"]
[WhiteClock "0:00:52"]
[BlackClock "0:00:18"]
[Board "19"]

1. d4 d5 2. c4 c6 3. e3 Nf6 4. Bd3 e6 5. Nf3 Bd6 6. O-O Nbd7 7. b3 Ne4 8. Bb2 f5 9. Ne5 O-O 10. f3 Nef6 11. Nd2 Qe8 12. Qe2 Qh5 13. a3 Qh6 14. b4 a5 15. c5 Bc7 16. Nb3 a4 17. Nd2 Nxe5 18. dxe5 Nd7 19. f4 b6 20. cxb6 Bxb6 21. Nf3 c5 22. bxc5 Nxc5 23. Bb5 Ba6 24. Bd4 Rfc8 25. Rab1 Bxb5 26. Qxb5 Ba7 27. Rfc1 Rab8 28. Rxc5 Bxc5 29. Qxb8 Rxb8 30. Rxb8+ Kf7 31. Bxc5 Qh5 32. Rb7+ Kg6 33. Bf8 1-0


[Site "https://www.chess.com"]

[Event "Titled Tuesday Blitz November 07 Early 2023"]
[White "topce"]
[Black "Sjugirov, Sanan"]
[BlackFideId "4189302"]
[WhiteElo "2506"]
[BlackElo "2971"]
[Result "1-0"]
[Round "1"]
[TimeControl "180+1"]
[Date "2023.11.07"]
[WhiteClock "0:01:27"]
[BlackClock "0:00:03"]
[Board "20"]

1. c4 e6 2. Nc3 d5 3. d4 Nf6 4. cxd5 exd5 5. Bg5 c6 6. e3 h6 7. Bh4 Be7 8. Bd3 O-O 9. Nge2 Re8 10. f3 b5 11. Bf2 Nbd7 12. O-O b4 13. Na4 c5 14. dxc5 Nxc5 15. Bb5 Bd7 16. Bxd7 Qxd7 17. Nxc5 Bxc5 18. Nd4 Rac8 19. Qd3 Bb6 20. Nf5 Qe6 21. Rfe1 Nd7 22. g4 Ne5 23. Qe2 h5 24. h3 g6 25. Nd4 Qf6 26. Kg2 hxg4 27. hxg4 Nxg4 28. fxg4 Bxd4 29. Rad1 Bxb2 30. Rxd5 Be5 31. Red1 Red8 32. Rxd8+ Rxd8 33. Rxd8+ Qxd8 34. Qb5 Qe7 35. Qd5 Bg7 36. e4 Qe6 37. Qxe6 fxe6 38. Bxa7 Kf7 39. Bc5 Bc3 40. Kf3 Ke8 41. Ke3 Kd7 42. Kd3 Kc6 43. Kc4 Be5 44. Bxb4 Bc7 45. Bc3 Bb6 46. a4 Bc7 47. a5 Bb8 48. Bb4 Ba7 49. Bc3 Bc5 50. Bd4 Bd6 51. Bb6 Bb8 52. Kd4 Bd6 53. Kc4 Bb8 54. Kd4 Kb5 55. Ke3 Bd6 56. Kd4 Bb8 57. e5 Kc6 58. Ke4 Kb5 59. Kf4 Kc6 60. Bd4 Kd5 61. Bc3 Ba7 62. a6 Kc4 63. Ba1 Kb5 64. Kg5 Kxa6 65. Kxg6 Kb5 66. Kf6 Kc6 67. Kxe6 1-0


[Site "https://www.chess.com"]

[Event "Titled Tuesday Blitz November 07 Early 2023"]
[White "Makarian, Rudik"]
[Black "Buchenau, Frank"]
[WhiteFideId "44105681"]
[BlackFideId "4604350"]
[WhiteElo "2966"]
[BlackElo "2505"]
[Result "1-0"]
[Round "1"]
[TimeControl "180+1"]
[Date "2023.11.07"]
[WhiteClock "0:01:19"]
[BlackClock "0:00:12"]
[Board "21"]

1. d4 e6 2. Nf3 Nf6 3. c4 b6 4. g3 Bb7 5. Bg2 Be7 6. O-O O-O 7. Re1 a5 8. Nc3 Ne4 9. Qd3 Nxc3 10. bxc3 f5 11. e4 fxe4 12. Rxe4 Bxe4 13. Qxe4 Na6 14. Bf1 Bf6 15. Bd3 g6 16. h4 Qe7 17. Kg2 c6 18. Bf4 d5 19. Qe3 Nc7 20. Bxc7 Qxc7 21. Qxe6+ Qf7 22. Qxc6 Bxd4 23. Nxd4 Qxf2+ 24. Kh3 Rf3 25. Qxd5+ Kg7 26. Qxf3 1-0


[Site "https://www.chess.com"]

[Event "Titled Tuesday Blitz November 07 Early 2023"]
[White "TimGrutter03"]
[Black "Galchenko, Matvey"]
[BlackFideId "24175480"]
[WhiteElo "2504"]
[BlackElo "2963"]
[Result "1-0"]
[Round "1"]
[TimeControl "180+1"]
[Date "2023.11.07"]
[WhiteClock "0:00:37"]
[BlackClock "0:00:00"]
[Board "22"]

1. Nf3 c5 2. e4 g6 3. g3 Bg7 4. Bg2 Nc6 5. O-O e6 6. Nc3 Nge7 7. d4 Nxd4 8. Nxd4 cxd4 9. Nb5 Qb6 10. a4 a6 11. Na3 O-O 12. Nc4 Qc7 13. Qe2 d5 14. exd5 Nxd5 15. a5 Bd7 16. Bxd5 exd5 17. Nb6 Rae8 18. Qf3 Qxc2 19. Nxd7 d3 20. Nxf8 Rxf8 21. Rd1 Re8 22. Kg2 Re2 23. Rxd3 Bf8 24. Rxd5 1-0


[Site "https://www.chess.com"]

[Event "Titled Tuesday Blitz November 07 Early 2023"]
[White "Kovalenko, Igor"]
[Black "Hajiyev, Kanan"]
[WhiteFideId "14117908"]
[BlackFideId "13404148"]
[WhiteElo "2957"]
[BlackElo "2503"]
[Result "1-0"]
[Round "1"]
[TimeControl "180+1"]
[Date "2023.11.07"]
[WhiteClock "0:00:51"]
[BlackClock "0:00:01"]
[Board "23"]

1. c4 Nf6 2. Nc3 c6 3. Nf3 d5 4. e3 g6 5. d4 Bg7 6. cxd5 cxd5 7. Bb5+ Bd7 8. Qb3 Bc6 9. Bxc6+ bxc6 10. O-O Qb6 11. Qa3 Nbd7 12. Bd2 O-O 13. Na4 Qa6 14. Rac1 Ne4 15. Qxe7 Qxa4 16. Qxd7 Qxa2 17. Qxc6 Rfd8 18. Qc2 Rab8 19. Bc3 Rdc8 20. Qd3 Qb3 21. Nd2 Nxd2 22. Qxd2 Rc4 23. Ra1 Ra4 24. Qd1 Qxd1 25. Rfxd1 Rxa1 26. Rxa1 Rb7 27. Ra5 Rd7 28. Kf1 Bf6 29. Ke2 Bd8 30. Rc5 Bb6 31. Rc8+ Kg7 32. Kd3 Kf6 33. Rc6+ Ke7 34. Bb4+ Kd8 35. Bc5 Bxc5 36. Rxc5 Ke7 37. b4 Kd6 38. Ra5 Rb7 39. b5 f5 40. h3 Kd7 41. g4 fxg4 42. hxg4 h5 43. gxh5 gxh5 44. b6 Rxb6 45. Rxd5+ Kc6 46. Rxh5 Rb2 47. f4 Rb3+ 48. Ke4 Kb6 49. f5 a5 50. f6 1-0


[Site "https://www.chess.com"]